 Dungeon Sprint DCSS version 0.17-a0-1210-g1e4f09d (webtiles) character file.

23998 Kidiri the Imperceptible (level 12, -6/72 HPs)
             Began as a Spriggan Assassin on June 4, 2015.
             Was the Champion of Dithmenos.
             Mangled by a skeletal warrior
             ... wielding a +1 morningstar of crushing
              (22 damage)
             ... in the Dungeon (Sprint III: "The Ten Rune Challenge").
             The game lasted 00:32:40 (4792 turns).

Kidiri the Imperceptible (Spriggan Assassin)        Turns: 4792, Time: 00:32:40

Health: -6/72      AC:  3    Str:  7      XL:     12   Next: 76%
Magic:  20/20      EV: 39    Int: 12      God:    Dithmenos [******]
Gold:   37         SH:  0    Dex: 24 (25) Spells: 0 memorised, 11 levels left

rFire  + . .     SeeInvis +     h - +2 rapier (drain)
rCold  . . .     Clarity  .     c - +0 robe
rNeg   . . .     SustAt   .     (shield restricted)
rPois  .         Gourm    .     (helmet restricted)
rElec  .         Spirit   .     d - +0 cloak
rCorr  .         Warding  .     (gloves unavailable)
rMut   .         NoTele   +     (boots unavailable)
MR     ++...                    (no amulet)
Stlth  ++++++++++               (no ring)
                                (no ring)

@: wreathed by umbra, very quick, very resistant to hostile enchantments,
uncannily stealthy
A: unfitting armour, see invisible, agile 1, deterioration 1, fire resistance 1,
herbivore 3, speed 3, slow metabolism 2
a: Shadow Step, Shadow Form, Renounce Religion


You were in the Dungeon.
You worshipped Dithmenos.
Dithmenos was exalted by your worship.
You were not hungry.

You visited 1 branch You collected 37 gold pieces.

Inventory:

Hand weapons
 a - a +2 dagger
 b - a +0 blowgun
 h - a +2 rapier of draining (weapon)
 n - a +1 rapier of venom
Missiles
 e - 6 poisoned needles
 f - 9 curare-tipped needles
 w - 8 throwing nets (quivered)
Armour
 c - a +0 robe (worn)
 d - a +0 cloak (worn)
Magical devices
 i - a wand of confusion (30)
Scrolls
 p - 2 scrolls of torment
 r - 2 scrolls of remove curse
Potions
 j - a potion of haste
 k - 2 potions of magic
 l - a potion of berserk rage
 s - a potion of cure mutation
 t - 2 potions of flight
Books
 q - a book of the Tempests

   Spells                             Type                      Level
   a - Static Discharge               Conjuration/Air              3
   b - Lightning Bolt                 Conjuration/Air              5
   c - Fireball                       Conjuration/Fire             5
   d - Tornado                        Air                          9
   e - Shatter                        Earth                        9
 v - a book of Summonings

   Spells                             Type                      Level
   a - Recall                         Summoning/Translocation      3
   b - Aura of Abjuration             Summoning                    5
   c - Shadow Creatures               Summoning                    5
   d - Summon Demon                   Summoning                    5
   e - Summon Forest                  Summoning/Translocation      5
   f - Summon Mana Viper              Hexes/Summoning              5
Comestibles
 g - 4 fruits
 u - 31 royal jellies


   Skills:
 * Level 12.4 Fighting
 * Level 15.4 Short Blades
 * Level 15.6 Throwing
 * Level 19.3 Dodging
 * Level 21.1 Stealth
 + Level 9.6 Invocations


You had 11 spell levels left.
You didn't know any spells.

Dungeon Overview and Level Annotations

Branches:
Dungeon (1/1)

Altars:
Cheibriados
Dithmenos
Elyvilon
Fedhas
Gozag
Kikubaaqudgha
Makhleb
Nemelex Xobeh
Okawaru
Qazlal
Ru
Sif Muna
Trog
Vehumet
Xom
Yredelemnul
Zin
The Shining One
Jiyva
Lugonu

Annotations:
D Chuck


Innate Abilities, Weirdness & Mutations

You are tiny and cannot use many weapons and most armour.
You have supernaturally acute eyesight.
You are a herbivore.
You cover ground extremely quickly.
You need consume almost no food.
You are agile. (Dex +2)
Your body sometimes deteriorates upon taking damage.
Your flesh is heat resistant.


Message History

Your shadow closely misses the skeletal warrior.
You hit the skeletal warrior but do no damage.
The skeletal warrior is severely damaged.
You hit the skeletal warrior.
The skeletal warrior is severely damaged.
The skeletal warrior hits you with a morningstar of crushing!
* * * LOW HITPOINT WARNING * * *
x2 You hit the skeletal warrior but do no damage.
The skeletal warrior is severely damaged.
You hit the skeletal warrior but do no damage.
The skeletal warrior is severely damaged.
The skeletal warrior misses you.
You hit the skeletal warrior but do no damage.
The skeletal warrior is severely damaged.
Your shadow hits the skeletal warrior but does no damage.
You closely miss the skeletal warrior.
The skeletal warrior is severely damaged.
Your shadow hits the skeletal warrior but does no damage.
The skeletal warrior hits you with a morningstar of crushing!!
You die...

#.#)#.#.'..#......#
#.....#.#..#......#
#)....#.#..#......#
#.#)#.'.#..#......#
#..#..#.#..#......#
#.....###########'#
####### #######.#
#z#.#.#.#
#+#+#+#@#'#'#'#
.....§§§§.^...#
.....§§§§§§...#
#+#+#+#'#§#'#'#
#.#.#)#.# ▓▓▓▓▓▓▓▓▓


You could see a skeletal warrior.

Vanquished Creatures
  Norris (D)
  2 bone dragons (D)
  Dowan (D)
  A yaktaur captain (D)
  Erolcha (D)
  A fire dragon (D)
  A centaur warrior (D)
  4 dancing weapons (D)
  A skeletal warrior (D)
  4 ugly things (D)
  Duvessa (D)
  A deep elf priest (D)
  A guardian mummy (D)
  A queen bee (D)
  4 spriggan defenders (D)
  4 slime creatures (D)
  3 wandering mushrooms (D)
  An orc high priest (D)
  2 trapdoor spiders (D)
  A redback (D)
  A shadow (D)
  2 hill giants (D)
  A spatial vortex (D)
  A necrophage (D)
  3 two-headed ogres (D)
  A water elemental (D)
  32 killer bees (D)
  3 orc priests (D)
  A jelly (D)
  A wizard (D)
  Crazy Yiuf (D)
  Jessica (D)
  A necromancer (D)
  A kobold demonologist (D)
  3 humans (D)
  An ooze (D)
  A worm (shapeshifter) (D)
  A bat zombie (D)
  A giant gecko simulacrum (D)
  2 rats (D)
  5 ballistomycetes (D)
  4 plants (D)
104 creatures vanquished.

Vanquished Creatures (others)
  2 draconian scorchers (D)
  3 yaktaurs (D)
  A giant spore (D)
  A bush (D)
  6 plants (D)
13 creatures vanquished.

Grand Total: 117 creatures vanquished

Notes
Turn   | Place    | Note
--------------------------------------------------------------
     0 | D        | Kidiri the Spriggan Assassin began the quest for the Orb.
     0 | D        | Reached XP level 1. HP: 10/10 MP: 2/2
    12 | D        | Reached skill level 1 in Short Blades
    12 | D        | Reached skill level 6 in Stealth
   242 | D        | Noticed Jessica
   245 | D        | Killed Jessica
   245 | D        | Reached skill level 7 in Stealth
   245 | D        | Reached XP level 2. HP: 16/16 MP: 3/3
   245 | D        | Reached XP level 3. HP: 19/19 MP: 4/4
   265 | D        | Noticed Crazy Yiuf
   287 | D        | Killed Crazy Yiuf
   315 | D        | Killed a yaktaur
   324 | D        | Reached skill level 5 in Dodging
   324 | D        | Reached skill level 8 in Stealth
   324 | D        | Reached XP level 4. HP: 4/24 MP: 5/5
   371 | D        | Killed a white draconian scorcher
   545 | D        | Killed a white draconian scorcher
   629 | D        | Gained mutation: Your flesh is heat resistant. [potion of mutation]
   629 | D        | Gained mutation: You are agile. (Dex +2) [potion of mutation]
   629 | D        | Gained mutation: Your body sometimes deteriorates upon taking damage. [potion of mutation]
   720 | D        | Noticed a water elemental
   723 | D        | Killed a water elemental
   723 | D        | Reached skill level 5 in Throwing
   723 | D        | Reached skill level 9 in Stealth
   733 | D        | Noticed a jelly
   734 | D        | Noticed a shadow
   749 | D        | Killed a yaktaur
   752 | D        | Killed a shadow
   752 | D        | Reached skill level 5 in Short Blades
   752 | D        | Reached skill level 10 in Stealth
   752 | D        | Reached XP level 5. HP: 30/30 MP: 6/6
   752 | D        | Reached XP level 6. HP: 35/35 MP: 7/7
   755 | D        | Killed a jelly
   755 | D        | Reached skill level 5 in Fighting
   847 | D        | Found a stormy altar of Qazlal.
   847 | D        | Found a sacrificial altar of Ru.
   847 | D        | Found a burning altar of Makhleb.
   847 | D        | Found a shimmering altar of Xom.
   848 | D        | Found a viscous altar of Jiyva.
   848 | D        | Found a shadowy altar of Dithmenos.
   848 | D        | Found a sparkling altar of Nemelex Xobeh.
   848 | D        | Found a corrupted altar of Lugonu.
   848 | D        | Found an opulent altar of Gozag.
   848 | D        | Noticed a spatial vortex
   861 | D        | Became a worshipper of Dithmenos the Shadowed
   874 | D        | Killed a spatial vortex
   874 | D        | Reached skill level 11 in Stealth
   874 | D        | Reached skill level 1 in Invocations
   965 | D        | Found a glowing silver altar of Zin.
   965 | D        | Found a glowing golden altar of the Shining One.
   965 | D        | Found a white marble altar of Elyvilon.
   965 | D        | Noticed a deep elf priest
   968 | D        | Killed a deep elf priest
   968 | D        | Reached skill level 12 in Stealth
   968 | D        | Reached XP level 7. HP: 38/40 MP: 7/9
   981 | D        | Found a basalt altar of Yredelemnul.
   981 | D        | Found a snail-covered altar of Cheibriados.
   981 | D        | Found a blossoming altar of Fedhas.
   981 | D        | Noticed a necrophage
   981 | D        | Noticed a necromancer
   983 | D        | Killed a necromancer
   983 | D        | Reached skill level 10 in Dodging
   984 | D        | Killed a necrophage
   997 | D        | Found an iron altar of Okawaru.
   997 | D        | Found a bloodstained altar of Trog.
   997 | D        | Noticed a human
   998 | D        | Noticed a human
  1000 | D        | Killed a human
  1001 | D        | Killed a human
  1001 | D        | Acquired Dithmenos's first power
  1001 | D        | Reached XP level 8. HP: 43/45 MP: 9/11
  1103 | D        | Found a radiant altar of Vehumet.
  1103 | D        | Found a deep blue altar of Sif Muna.
  1103 | D        | Found an ancient bone altar of Kikubaaqudgha.
  1103 | D        | Noticed a wizard
  1113 | D        | Killed a wizard
  1113 | D        | Reached skill level 13 in Stealth
  1223 | D        | Noticed a two-headed ogre
  1223 | D        | Noticed a two-headed ogre
  1227 | D        | Killed a two-headed ogre
  1229 | D        | Killed a two-headed ogre
  1231 | D        | Noticed a two-headed ogre
  1232 | D        | Killed a two-headed ogre
  1232 | D        | Acquired Dithmenos's second power
  1237 | D        | Noticed a hill giant
  1240 | D        | Killed a hill giant
  1245 | D        | Noticed a hill giant
  1245 | D        | Noticed Erolcha
  1247 | D        | Killed Erolcha
  1247 | D        | Reached skill level 10 in Throwing
  1247 | D        | Reached skill level 14 in Stealth
  1247 | D        | Reached XP level 9. HP: 49/51 MP: 11/13
  1248 | D        | Killed a hill giant
  1283 | D        | Noticed a redback
  1307 | D        | Killed a redback
  1307 | D        | Reached skill level 10 in Short Blades
  1344 | D        | Noticed a trapdoor spider
  1344 | D        | Noticed a trapdoor spider
  1378 | D        | Killed a trapdoor spider
  1378 | D        | Acquired Dithmenos's third power
  1378 | D        | Reached skill level 5 in Invocations
  1489 | D        | Killed a trapdoor spider
  1489 | D        | Reached skill level 15 in Stealth
  1649 | D        | Noticed Dowan
  1649 | D        | Noticed Duvessa
  1653 | D        | Killed Dowan
  1653 | D        | Reached skill level 16 in Stealth
  1653 | D        | Reached XP level 10. HP: 55/57 MP: 9/15
  1654 | D        | Killed Duvessa
  1729 | D        | Noticed a wandering mushroom
  1812 | D        | Noticed a wandering mushroom
  1830 | D        | Killed a yaktaur
  1999 | D        | Killed a wandering mushroom
  2008 | D        | Noticed a wandering mushroom
  2014 | D        | Killed a wandering mushroom
  2023 | D        | Killed a wandering mushroom
  2060 | D        | Noticed a killer bee
  2060 | D        | Noticed a killer bee
  2060 | D        | Noticed a killer bee
  2060 | D        | Noticed a killer bee
  2060 | D        | Noticed a killer bee
  2060 | D        | Noticed a killer bee
  2060 | D        | Noticed a killer bee
  2060 | D        | Noticed a killer bee
  2060 | D        | Noticed a killer bee
  2060 | D        | Noticed a killer bee
  2060 | D        | Noticed a killer bee
  2060 | D        | Noticed a killer bee
  2060 | D        | Noticed a killer bee
  2060 | D        | Noticed a queen bee
  2060 | D        | Noticed a killer bee
  2061 | D        | Noticed a killer bee
  2061 | D        | Noticed a killer bee
  2061 | D        | Noticed a killer bee
  2061 | D        | Noticed a killer bee
  2061 | D        | Noticed a killer bee
  2061 | D        | Noticed a killer bee
  2061 | D        | Noticed a killer bee
  2061 | D        | Noticed a killer bee
  2061 | D        | Noticed a killer bee
  2061 | D        | Noticed a killer bee
  2061 | D        | Noticed a killer bee
  2061 | D        | Noticed a killer bee
  2061 | D        | Noticed a killer bee
  2061 | D        | Noticed a killer bee
  2061 | D        | Noticed a killer bee
  2061 | D        | Noticed a killer bee
  2061 | D        | Noticed a killer bee
  2061 | D        | Noticed a killer bee
  2062 | D        | Killed a killer bee
  2085 | D        | Killed a killer bee
  2085 | D        | Acquired Dithmenos's fourth power
  2096 | D        | Killed a killer bee
  2103 | D        | Killed a killer bee
  2109 | D        | Killed a killer bee
  2120 | D        | Killed a killer bee
  2128 | D        | Killed a killer bee
  2149 | D        | Killed a killer bee
  2163 | D        | Killed a killer bee
  2172 | D        | Killed a killer bee
  2195 | D        | Killed a killer bee
  2205 | D        | Killed a killer bee
  2212 | D        | Killed a killer bee
  2222 | D        | Killed a killer bee
  2235 | D        | Killed a killer bee
  2235 | D        | Reached skill level 15 in Dodging
  2247 | D        | Killed a killer bee
  2253 | D        | Killed a killer bee
  2273 | D        | Killed a killer bee
  2289 | D        | Killed a killer bee
  2596 | D        | Killed a killer bee
  2606 | D        | Killed a killer bee
  2620 | D        | Killed a killer bee
  2641 | D        | Killed a killer bee
  2741 | D        | Killed a killer bee
  2745 | D        | Killed a killer bee
  2765 | D        | Killed a killer bee
  2769 | D        | Killed a queen bee
  2769 | D        | Reached skill level 17 in Stealth
  2777 | D        | Killed a killer bee
  2779 | D        | Killed a killer bee
  2785 | D        | Killed a killer bee
  2809 | D        | Killed a killer bee
  2814 | D        | Killed a killer bee
  2911 | D        | Noticed an orc priest
  2911 | D        | Noticed an orc priest
  2912 | D        | Noticed an orc priest
  2912 | D        | Noticed an orc high priest
  2913 | D        | Killed an orc priest
  2914 | D        | Killed an orc priest
  2916 | D        | Killed an orc high priest
  2917 | D        | Killed an orc priest
  2996 | D        | Noticed a spriggan defender
  2997 | D        | Noticed a spriggan defender
  2997 | D        | Noticed a spriggan defender
  2997 | D        | Noticed a spriggan defender
  2998 | D        | Killed a spriggan defender
  2999 | D        | Killed a spriggan defender
  3001 | D        | Killed a spriggan defender
  3001 | D        | Reached skill level 10 in Fighting
  3002 | D        | Killed a spriggan defender
  3158 | D        | Noticed a centaur warrior
  3160 | D        | Killed a centaur warrior
  3160 | D        | Reached XP level 11. HP: 63/63 MP: 12/17
  3219 | D        | Noticed a war axe of freezing
  3219 | D        | Noticed a glaive of protection
  3220 | D        | Noticed a short sword of draining
  3220 | D        | Noticed a mace of holy wrath
  3221 | D        | Killed a war axe of freezing
  3223 | D        | Killed a mace of holy wrath
  3223 | D        | Reached skill level 18 in Stealth
  3225 | D        | Killed a short sword of draining
  3232 | D        | Killed a glaive of protection
  3286 | D        | Noticed a fire dragon
  3319 | D        | Killed a fire dragon
  3535 | D        | Noticed a yaktaur captain
  3535 | D        | Noticed a hill giant
  3535 | D        | Noticed a slime creature
  3535 | D        | Noticed a slime creature
  3698 | D        | Killed a yaktaur captain
  3755 | D        | Noticed a green ugly thing
  3755 | D        | Noticed a frost giant
  3755 | D        | Noticed a brown ugly thing
  3755 | D        | Noticed an iron troll
  3755 | D        | a frost giant changed into an iron troll
  3756 | D        | Killed a slime creature
  3756 | D        | Reached skill level 19 in Stealth
  3758 | D        | Killed a brown ugly thing
  3763 | D        | Noticed a shadow dragon
  3763 | D        | an iron troll changed into a shadow dragon
  3768 | D        | Noticed a stone giant
  3768 | D        | a shadow dragon changed into a stone giant
  3776 | D        | Killed a slime creature
  3782 | D        | Noticed a frost giant
  3782 | D        | a stone giant changed into a frost giant
  3796 | D        | Noticed a ghost moth
  3796 | D        | a frost giant changed into a ghost moth
  3804 | D        | a ghost moth changed into a manticore
  3816 | D        | Killed a green ugly thing
  4022 | D        | Noticed a cyan ugly thing
  4025 | D        | Noticed a slime creature
  4026 | D        | Killed a cyan ugly thing
  4028 | D        | Killed a slime creature
  4033 | D        | Noticed a slime creature
  4035 | D        | Killed a slime creature
  4042 | D        | Noticed Chuck
  4046 | D        | Noticed a red ugly thing
  4048 | D        | Noticed Norris
  4072 | D        | Killed a red ugly thing
  4087 | D        | Killed Norris
  4087 | D        | Reached skill level 20 in Stealth
  4087 | D        | Reached XP level 12. HP: 24/70 MP: 15/19
  4326 | D        | Noticed a lich
  4347 | D        | HP: 2/70 [lich/iron shot (68)]
  4664 | D        | Killed a killer bee
  4715 | D        | Noticed a bone dragon
  4717 | D        | Killed a bone dragon
  4717 | D        | Reached skill level 15 in Short Blades
  4717 | D        | Reached skill level 15 in Throwing
  4721 | D        | Noticed a skeletal warrior
  4723 | D        | Killed a skeletal warrior
  4737 | D        | Noticed a guardian mummy
  4739 | D        | Killed a guardian mummy
  4749 | D        | Noticed a bone dragon
  4751 | D        | Killed a bone dragon
  4751 | D        | Reached skill level 21 in Stealth
  4758 | D        | Noticed a skeletal warrior
  4792 | D        | Mangled by a skeletal warrior

Vault maps used:
D:        dungeon_sprint_mu

Action                   |  1- 3 |  4- 6 |  7- 9 | 10-12 || total
-------------------------+-------+-------+-------+-------++-------
Melee: Dagger            |    20 |    38 |    95 |   618 ||   771
       Unarmed           |       |       |       |    23 ||    23
       Blowgun           |       |       |       |     3 ||     3
       Rapier            |       |       |       |   167 ||   167
 Fire: Blowgun           |     7 |       |     2 |     9 ||    18
Throw: Throwing net      |       |       |       |    25 ||    25
Invok: Shadow Step       |       |       |     1 |    11 ||    12
  Use: Potion            |       |     4 |     1 |     2 ||     7
       Scroll            |       |     4 |       |     1 ||     5
 Stab: Sleeping          |     3 |     2 |    12 |    26 ||    43
       Held in net/web   |       |       |       |    14 ||    14
       Distracted        |       |       |       |     2 ||     2
  Eat: Bread ration      |       |       |       |     1 ||     1
